 Dungeon Crawl Stone Soup version 0.30-a0-341-g682706514a (webtiles) character file.

Game seed: 14187242160188949371

83 BritishOli the Chopper (level 4, 0/34 HPs)
             Began as a Demonspawn Gladiator on Nov 5, 2022.
             Slain by Crazy Yiuf
             ... wielding a +3 quarterstaff of chaos
              (3 damage)
             ... on level 3 of the Dungeon.
             The game lasted 00:01:44 (1922 turns).

BritishOli the Chopper (Demonspawn Gladiator)       Turns: 1922, Time: 00:01:44

Health: 0/34       AC:  6    Str: 22    XL:     4   Next: 22%
Magic:  4/4        EV: 12    Int: 10    God:
Gold:   113        SH:  0    Dex: 14    Spells: 3/3 levels left

rFire   . . .      SeeInvis .    a - +0 war axe
rCold   . . .      Faith    .    (no shield)
rNeg    . . .      Spirit   .    k - +0 leather armour {rPois}
rPois   +          Reflect  .    (helmet restricted)
rElec   .          Harm     .    (no cloak)
rCorr   .          Rampage  .    i - +2 pair of gloves
Will    .....                    (no boots)
Stlth   +.........               (no amulet)
HPRegen 0.25/turn                g - +6 ring of strength
MPRegen 0.09/turn                (no ring)

@: no status effects
A: horns 1, demonic guardian 1
a: no special abilities


You were on level 3 of the Dungeon.
You visited 1 branch of the dungeon, and saw 3 of its levels.

You collected 113 gold pieces.

Inventory:

Hand Weapons
 a - a +0 war axe (weapon)
Missiles
 d - 3 throwing nets
 e - a javelin (quivered)
Armour
 c - a +0 helmet
 i - a +2 pair of gloves (worn)
 k - a +0 leather armour of poison resistance (worn)
Jewellery
 g - a +6 ring of strength (left hand)
Scrolls
 h - a scroll of amnesia {unknown}
 j - a scroll of vulnerability {unknown}
 l - 2 scrolls of poison {unknown}
 m - a scroll of blinking {unknown}
 o - a scroll of immolation {unknown}
Potions
 b - a potion of heal wounds {unknown}
 f - 2 potions of ambrosia {unknown}
 n - a potion of flight {unknown}


   Skills:
 + Level 2.8 Fighting
 + Level 3.3 Axes
 - Level 2.1 Throwing
 + Level 1.5 Armour
 - Level 3.0 Dodging


You had 3 spell levels left.
You didn't know any spells.
Your spell library was empty.

Dungeon Overview and Level Annotations

Branches:
Dungeon (3/15)

Altars:

Shops:
D:1 [

Annotations:
D:3 Crazy Yiuf


Innate Abilities, Weirdness & Mutations

You have a pair of small horns on your head.
A weak demonic guardian rushes to your aid.


Message History

Found a dagger.
No target in view!
Found a stone staircase leading up.
No target in view!
You now have 113 gold pieces (gained 3).
You see here a +0 mace of venom.
No target in view!
Key pressed, stopping explore.
No target in view!
Key pressed, stopping explore.
No target in view!
Key pressed, stopping explore.
No target in view!
No target in view!
There is an escape hatch in the ceiling here.
You see here 2 poisoned darts.
Key pressed, stopping explore.
No target in view!
You see here a +0 long sword.
You see here a +0 long sword.
Key pressed, stopping explore.
No target in view!
Crazy Yiuf shouts!
No reachable target in view!
No reachable target in view!
No reachable target in view!
You open the door. You closely miss Crazy Yiuf.
Crazy Yiuf hits you with a +3 quarterstaff of chaos.
Crazy Yiuf screams, "Papa agre tea!"
Crazy Yiuf hits you with a +3 quarterstaff of chaos!
A demonic guardian appears!
You convulse!
* * * LOW HITPOINT WARNING * * *
You closely miss Crazy Yiuf.
Your quasit bites Crazy Yiuf.
Your quasit claws Crazy Yiuf but does no damage.
Your quasit claws Crazy Yiuf.
Crazy Yiuf hits you with a +3 quarterstaff of chaos.
* * * LOW HITPOINT WARNING * * *
Crazy Yiuf burns you.
You die...

............#
#.##...
...........##
#.##...
...#########
#.#####
###### #####
#.# .....###
#..)# #.#
.......#
#...#
######.#
####.#.# ..5
#......#
...#.#.# #g#
#......#
##.#.#.# ♣♣@♣
#......#####
#.#.#.#####
♣.♣♣
#>........[#
#.#.......#
♣♣.♣
#..........#
#.........#
♣.♣♣
#..........#
#.........#
♣♣.♣♣
#..........#
#.........#
♣...♣♣
#####....(.#
##.........#
♣....♣
#......#
.....###...#
#....#
#.......
###.....####
#....#
#......#


You could see Crazy Yiuf (ally target) and a friendly quasit (summoned).

Vanquished Creatures
  Natasha (D:2)
  An adder (D:3)
  2 dart slugs (D:1)
  2 orcs (D:3)
  3 bats
  4 endoplasms
  A giant cockroach (D:1)
  5 goblins
  3 hobgoblins
  2 jackals (D:1)
  5 kobolds
  3 quokkas
  3 ball pythons
  3 frilled lizards
  2 rats
40 creatures vanquished.

Notes
Turn   | Place    | Note
-------+----------+-------------------------------------------
     0 | D:1      | BritishOli the Demonspawn Gladiator began the quest for the
                  | Orb.
     0 | D:1      | Reached XP level 1. HP: 16/16 MP: 1/1
   108 | D:1      | Discovered your monstrous ancestry.
   108 | D:1      | Gained mutation: You have a pair of small horns on your
                  | head. [demonic ancestry]
   108 | D:1      | Reached XP level 2. HP: 17/22 MP: 2/2
   325 | D:1      | Found Liabari's Antique Armour Shoppe.
   628 | D:1      | Reached XP level 3. HP: 17/28 MP: 3/3
   791 | D:2      | Noticed Natasha
   793 | D:2      | Killed Natasha
   794 | D:2      | Reached skill level 1 in Armour
   845 | D:2      | You fall into a shaft and drop 1 floor!
  1120 | D:3      | Gained mutation: A weak demonic guardian rushes to your
                  | aid. [demonic ancestry]
  1120 | D:3      | Reached XP level 4. HP: 31/34 MP: 4/4
  1296 | D:3      | Found a runed translucent door.
  1297 | D:3      | Noticed Crazy Yiuf
  1922 | D:3      | Slain by Crazy Yiuf

Illustrated notes

Levels and vault maps discovered:
D:1:      giann_forest_graveyard, layout_loops_ring, serial_shops, shop
D:2:      layout_rooms, uniq_natasha
D:3:      layout_basic, uniq_crazy_yiuf_cottage

Skill      XL: |  1  2  3 |
---------------+----------+-----
Throwing       | 2 |  2.1
Dodging        | 3 |  3.0
Axes           | 3 |  3.3
Armour         | 1 |  1.5
Fighting       | |  2.8

Action                   |  1- 3 |  4- 6 || total
-------------------------+-------+-------++-------
Melee: War axe           |    67 |    11 ||    78
       Headbutt          |     5 |     2 ||     7
       Punch             |     1 |       ||     1
Armor: Leather armour    |    26 |     1 ||    27
Dodge: Dodged            |    52 |     7 ||    59

Table legend: (Time is in decaauts)
 A = Elapsed time spent in this place.
 B = Non-inter-level travel time spent in this place.
 C = Inter-level travel time spent in this place.
 D = Time resting spent in this place.
 E = Time spent auto-exploring this place.
 F = Levels seen in this place.
 G = Mean time per level.
                   A        B        C        D        E       F      G
               +--------+--------+--------+--------+--------+-----+--------+
         Total |   1947 |   1918 |     29 |      0 |   1640 |   3 |  649.0 |
       Dungeon |   1947 |   1918 |     29 |      0 |   1640 |   3 |  649.0 |
               +--------+--------+--------+--------+--------+-----+--------+

Top non-repeatable levels by time:
     D:3: 1084 daAuts
     D:1: 807 daAuts
     D:2: 55 daAuts
